 Dungeon Crawl Stone Soup version 0.32-a0-290-g598725c5f2 (webtiles) character file.

Game seed: 15641085695687028463

606 Dirtsage the Changeling (level 7, -6/46 HPs)
             Began as an Octopode Shapeshifter on Feb 13, 2024.
             Splashed by a jelly's acid (8 damage)
             ... on level 4 of the Dungeon.
             The game lasted 00:08:07 (3742 turns).

Dirtsage the Changeling (Octopode Shapeshifter)     Turns: 3742, Time: 00:08:08

Health: -6/46      AC:  1    Str: 14    XL:     7   Next: 42%
Magic:  7/7        EV: 14    Int: 12    God:
Gold:   242        SH:  0    Dex: 13    Spells: 6/6 levels left

rFire   . .          .
                       - Unarmed
rCold   . . .        (no shield)
rNeg    . . .        (helmet currently unavailable)
rPois   .            (no amulet)
rElec   .            (no ring)
rCorr   .            (no ring)
SInv    .            (no ring)
Will    .....        (no ring)
Stlth   ++           (no ring)
HPRegen 0.27/turn    (no ring)
MPRegen 0.10/turn    (no ring)
                     (no ring)

%: no passive effects
@: lethally poisoned (-6 -> -7), beast-form
A: beast (slay +3), almost no armour, amphibious, 8 rings, camouflage 1,
gelatinous body 1, (nimble swimmer 1), tentacles
a: Begin Untransformation


You were on level 4 of the Dungeon.
You were a hulking beast.
You visited 1 branch of the dungeon, and saw 4 of its levels.
You also visited: Sewer.

You collected 242 gold pieces.

Inventory:

Talismans
 b - a beast talisman (active)
 c - a flux talisman
Wands
 q - a wand of iceblast (5)
Scrolls
 e - 2 scrolls of blinking {unknown}
 f - a scroll of vulnerability {unknown}
 i - 2 scrolls of noise {unknown}
 m - 2 scrolls of fear {unknown}
 n - a scroll of fog {unknown}
 o - a scroll of identify {unknown}
 p - a scroll of revelation {unknown}
Potions
 a - 2 potions of lignification
 d - 2 potions of curing {unknown}
 g - 2 potions of brilliance {unknown}
 h - a potion of ambrosia {unknown}
 j - 2 potions of haste {unknown}
 k - 3 potions of heal wounds {unknown}
 l - a potion of magic {unknown}


   Skills:
 + Level 3.4 Fighting
 + Level 3.8 Dodging
 + Level 4.5 Unarmed Combat
 * Level 5.4 Shapeshifting


You had 6 spell levels left.
You didn't know any spells.
Your spell library contained the following spells:

 Spells                   Type           Power      Damage    Failure   Level
 Call Canine Familiar     Summ           0%         N/A       69%         3
 Sigil of Binding         Hex            0%         N/A       69%         3
 Dimensional Bullseye     Hex/Tloc       0%         N/A       97%         4


Dungeon Overview and Level Annotations

Branches:
Dungeon (4/15)              Sewer (visited)
 Temple: D:4-7

Altars:
Hepliaklqana
Makhleb
Uskayaw
Vehumet

Shops:
D:3 ([[=


Innate Abilities, Weirdness & Mutations

You are a hulking beast.
Your limbs bulge with bestial killing power. (Slay +3)
You cannot wear most types of armour.
You are amphibious.
You can wear up to eight rings at the same time.
Your skin changes colour to match your surroundings (Stealth+).
Your rubbery body absorbs attacks. (AC +1, EV +1)
((You are camouflaged when in or above water. (Stealth+)))
You have tentacles for arms and can constrict up to eight enemies at once.


Message History

The scorpion poisons you!
You take 2 damage, and have 38/46 hp.
You tentacle-slap the scorpion.
You kill the scorpion!
You feel very sick.
You take 3 damage, and have 35/46 hp.
You tentacle-slap the iguana. You grab the iguana.
The iguana is moderately wounded.
You constrict the iguana, but do no damage.
You feel sick. The iguana completely misses you.
You take 1 damage, and have 34/46 hp.
You completely miss the iguana.
The iguana is lightly wounded.
You constrict the iguana, but do no damage.
You feel sick.
You take 1 damage, and have 33/46 hp.
You tentacle-slap the iguana.
The iguana is heavily wounded.
You constrict the iguana.
You feel sick. The iguana barely misses you.
You take 1 damage, and have 32/46 hp.
You tentacle-slap the iguana. Your squeeze misses the iguana.
The iguana is severely wounded.
You constrict the iguana.
You feel sick. The iguana bites you!
You take 14 damage, and have 18/46 hp.
MASSIVE DAMAGE!!
You tentacle-slap the iguana.
You kill the iguana!
You feel sick.
You take 1 damage, and have 17/46 hp.
You barely miss the jelly. You squeeze the jelly!
The jelly is moderately wounded.
You feel sick. The jelly hits you.
You are splashed with acid!
* * * LOW HITPOINT WARNING * * *
You take 12 damage, and have 5/46 hp.
MASSIVE DAMAGE!!
You tentacle-slap the jelly.
Your tentacles burn!
* * * LOW HITPOINT WARNING * * *
The jelly is heavily wounded.
You feel sick. The jelly hits you.
* * * LOW HITPOINT WARNING * * *
You are splashed with acid!
You die... #P.J ~~~. #.
Pl~

.~~ ##. #. ~. ~~ ....
...#. ♣. ~♣..# #...
#.♣...# #.... ##.#
..... #..# ..... #J##
..... ###h## .....
#....##### .....
#>......... ♣.♣.♣
#....##..♣♣ ♣~~
#.####♣♣♣~~~ ~~~~P~
#.# #~♣~~~~P~~≈≈≈~≈~
##.#♣♣~~~P~P~≈≈≈≈≈≈≈≈
#..♣♣~~~~~~~≈≈≈≈≈≈≈≈≈
#.♣♣~~~♣PP~≈≈≈≈≈≈≈≈≈≈


You could see a jelly.

Vanquished Creatures
  2 brain worms (Sewer)
  A scorpion (D:4)
  An orc priest (D:3)
  4 iguanas (D:4)
  An orc wizard (D:2)
  2 gnolls (D:1)
  6 adders
  2 river rats (Sewer)
  2 dart slugs
  2 ribbon worms
  3 orcs
  7 endoplasms
  4 giant cockroaches
  6 goblins
  7 hobgoblins
  3 jackals (D:1)
  3 quokkas (D:1)
  11 ball pythons
  6 bats
  11 frilled lizards
  7 kobolds
  10 rats
101 creatures vanquished.

Notes
Turn   | Place    | Note
-------+----------+-------------------------------------------
     0 | D:1      | Dirtsage the Octopode Shapeshifter began the quest for the
                  | Orb.
     0 | D:1      | Reached XP level 1. HP: 13/13 MP: 1/1
    57 | D:1      | Reached XP level 2. HP: 13/18 MP: 2/2
   169 | D:1      | Reached XP level 3. HP: 23/23 MP: 3/3
   211 | D:1      | Found a faded altar of an unknown god.
   421 | D:1      | Reached XP level 4. HP: 26/29 MP: 4/4
   774 | D:1      | You fall into a shaft and drop 1 floor!
  1295 | D:2      | Reached skill level 4 in Shapeshifting
  1325 | D:2      | Identified the +2 leather armour of Midnight {rN+ Str+3
                  | Int-3 Slay+3}
  1342 | D:2      | Reached XP level 5. HP: 25/34 MP: 5/5
  1822 | D:3      | Found a glowing drain.
  1827 | Sewer    | Entered a sewer
  1919 | Sewer    | Reached XP level 6. HP: 41/41 MP: 6/6
  2384 | D:3      | Found Kahas's Armour Emporium.
  2400 | D:3      | Found Icin's Weapon Boutique.
  2563 | D:3      | Found a burning altar of Makhleb.
  2563 | D:3      | Found a hide-covered altar of Uskayaw.
  2572 | D:3      | Found a hazy altar of Hepliaklqana.
  2574 | D:3      | Found a radiant altar of Vehumet.
  2576 | D:3      | Found a faded altar of an unknown god.
  2752 | D:2      | Reached skill level 5 in Shapeshifting
  2924 | D:3      | Found Xiuroh's Jewellery Shop.
  2959 | D:3      | Found Nasoow's Antique Armour Shoppe.
  3355 | D:4      | Reached XP level 7. HP: 34/46 MP: 7/7
  3742 | D:4      | HP: 2/46 [jelly (1)]
  3742 | D:4      | Splashed by a jelly's acid

Illustrated notes

Levels and vault maps discovered:
D:1:      spicycebolla_arrival_xxxplode, layout_rooms, serial_forest,
          infiniplex_forest_end_2, infiniplex_forest_straight_4,
          infiniplex_forest_clump_medium, infiniplex_forest_clump_diagonal,
          infiniplex_forest_lined_2, infiniplex_forest_lined_ring,
          infiniplex_forest_clump_diagonal, infiniplex_forest_clump_diagonal,
          shapermc_ecumenical_altar_mp_urbaneastern, interstate_on_off,
          dreamdust_wishing_well, chequers_serial_rivers_small_3,
          minmay_misc_feat_roman
D:2:      layout_loops_ring, minmay_misc_feat_four_crosses
D:3:      layout_basic, chequers_temple_overflow_minitemple,
          portal_sewer_entry_e, serial_shops, nicolae_shop_bloodbath_and_beyond,
          shop, shop, nicolae_shop_crystal
D:4:      nicolae_cairo_tiling_large, layout_rooms, serial_bayou,
          serial_bayou_lake_a, serial_bayou_pond_b, serial_bayou_crossing,
          serial_bayou_pond_b

Skill      XL: |  1  2  3  4  5  6 |
---------------+-------------------+-----
Fighting       | 2 3 |  3.4
Shapeshifting  | 4 5 |  5.4
Dodging        | 3 |  3.8
Unarmed Combat | 4 |  4.5

Action                     |  1- 3 |  4- 6 |  7- 9 || total
---------------------------+-------+-------+-------++-------
  Melee: Unarmed           |    51 |   136 |    33 ||   220
         Constrict         |    14 |    31 |     7 ||    52
         Tentacles         |     7 |    20 |     5 ||    32
         Punch             |     1 |     2 |       ||     3
   Stab: Sleeping          |     5 |     6 |     3 ||    14
 Armour: Skin              |    14 |    61 |    14 ||    89
  Dodge: Dodged            |    27 |    74 |    11 ||   112

Table legend: (Time is in decaauts)
 A = Elapsed time spent in this place.
 B = Non-inter-level travel time spent in this place.
 C = Inter-level travel time spent in this place.
 D = Time resting spent in this place.
 E = Time spent auto-exploring this place.
 F = Levels seen in this place.
 G = Mean time per level.
                   A        B        C        D        E       F      G
               +--------+--------+--------+--------+--------+-----+--------+
         Total |   3728 |   3593 |    135 |    307 |   2639 |   5 |  745.6 |
       Dungeon |   3198 |   3063 |    135 |    190 |   2358 |   4 |  799.5 |
         Sewer |    530 |    530 |      0 |    117 |    281 |   1 |  530.0 |
               +--------+--------+--------+--------+--------+-----+--------+

Top non-repeatable levels by time:
     D:3: 941 daAuts
     D:2: 921 daAuts
     D:1: 900 daAuts
   Sewer: 530 daAuts
     D:4: 434 daAuts
